 Dungeon Crawl Stone Soup version 0.18.1-50-g88ac8fd (webtiles) character file.

2016 Gianozzolo the Transmogrifier (level 9, -12/73 HPs)
             Began as a Naga Transmuter on Nov 14, 2017.
             Was an Initiate of Cheibriados.
             Mangled by an orc warrior
             ... wielding a +0 scimitar
              (21 damage)
             ... on level 6 of the Dungeon.
             The game lasted 00:16:21 (5711 turns).

Gianozzolo the Transmogrifier (Naga Transmuter)     Turns: 5711, Time: 00:16:21

Health: -12/73     AC:  4    Str: 14    XL:     9   Next: 23%
Magic:  14/21      EV:  9    Int: 17    God:    Cheibriados [......]
Gold:   347        SH:  0    Dex: 13    Spells: 3 memorised, 3 levels left

rFire  . . .     SeeInvis +       - Unarmed
rCold  . . .     Gourm    .     x - +0 leather armour {rPois}
rNeg   . . .     Faith    .     (shield currently unavailable)
rPois  +         Spirit   .     (no helmet)
rElec  .         Dismiss  .     (no cloak)
rCorr  +         Reflect  .     (gloves currently unavailable)
SustAt .         Harm     .     (no barding)
MR     +....                    (no amulet)
Stlth  +.........               w - ring of resist corrosion
                                e - ring of magical power

@: blade hands, very slightly contaminated, very slow, somewhat resistant to
hostile enchantments, very unstealthy
A: see invisible, deformed body, poison resistance, slowness 2, slow metabolism
1, spit poison 2, AC +3
a: Spit Poison, End Transformation, Bend Time, Renounce Religion


You were on level 6 of the Dungeon.
You worshipped Cheibriados.
Cheibriados was noncommittal.
You were near starving.
You had blades for hands.
You visited 1 branch of the dungeon, and saw 6 of its levels.

You collected 347 gold pieces.

Inventory:

Armour
 o - a +0 pair of gloves (melded)
 x - a +0 leather armour of poison resistance (worn)
Jewellery
 e - a ring of magical power (left scythe-like blade)
 w - a ring of resist corrosion (right scythe-like blade)
Wands
 l - a wand of digging (16/24)
Scrolls
 a - a scroll of random uselessness {unknown}
 g - a scroll of fog
 j - 3 scrolls of magic mapping
 m - 2 scrolls of remove curse
 p - 2 scrolls of immolation {unknown}
 q - a scroll of identify
 t - 2 scrolls of blinking
 u - a scroll of fear {unknown}
 y - a scroll of noise {unknown}
 E - a scroll of recharging {unknown}
Potions
 h - a potion of heal wounds
 i - 2 potions of resistance
 n - 2 potions of might
 r - 2 potions of flight
 s - 5 potions of curing
 v - a potion of ambrosia
 z - 2 potions of magic
 B - a potion of mutation {unknown}
Books
 c - a book of Changes

   Spells                             Type                      Level
   a - Beastly Appendage              Transmutation                1
   b - Sticks to Snakes               Transmutation                2
   c - Spider Form                    Transmutation/Poison         3
   d - Ice Form                       Ice/Transmutation            4
   e - Blade Hands                    Transmutation                5
Comestibles
 d - 6 bread rations
 f - 5 meat rations
 k - 5 fruits
 A - a beef jerky
 C - a slice of pizza


   Skills:
 + Level 2.1 Fighting
 - Level 1.5 Dodging
 * Level 7.5 Unarmed Combat
 - Level 2.0 Spellcasting
 + Level 9.4 Transmutations
 - Level 2.0 Poison Magic


You had 3 spell levels left.
You knew the following spells:

 Your Spells              Type           Power        Failure   Level  Hunger
a - Beastly Appendage     Trmt           ####..       14%         1    #......
b - Spider Form           Trmt/Pois      ###.......   45%         3    ###....
c - Blade Hands           Trmt           ####......   58%         5    ######.


Dungeon Overview and Level Annotations

Branches:
Dungeon (6/15)
 Temple: D:4-7

Altars:
Cheibriados
Elyvilon
Gozag
Kikubaaqudgha
Nemelex Xobeh
Sif Muna

Shops:
D:4 %

Annotations:
D:5 magog001's ghost, novice HaHu


Innate Abilities, Weirdness & Mutations

You cannot wear boots.
Your serpentine skin is tough (AC +3).
You have supernaturally acute eyesight.
Armour fits poorly on your strangely shaped body.
Your system is resistant to poisons.
You cover ground very slowly.
You have a slow metabolism.
You can spit poison.


Message History

Casting: Spider Form
Confirm with . or Enter, or press ? or * to list all spells.
Your hands turn into razor-sharp scythe blades.
Your +0 pair of gloves melds into your body.
You are near starving!
The orc warrior hits you with a scimitar.
* * * LOW HITPOINT WARNING * * *
You barely miss the orc warrior.
The orc warrior hits you with a scimitar.
* * * LOW HITPOINT WARNING * * *
You hit the orc warrior.
The orc warrior is moderately wounded.
You slash the orc warrior!
The orc warrior is severely wounded.
The orc warrior hits you with a scimitar.
* * * LOW HITPOINT WARNING * * *
You barely miss the orc warrior. You slash the orc warrior.
The orc warrior is almost dead.
The orc warrior hits you with a scimitar!!
You die...

.#.# #......# ######### #######
.#.# ######.###.......###../...
.#.# #..............'........
(#.#######.##.###.......###......
.........#.##.# #.......# #.....>
.......#.#....# #.......####.####
.#.#.###.###### #########......#
...#.# #....#.###..............#
.#.#.######.#.oo@(.(.(.........#
..........#.#.###..............#
########..#[#.###........###.####
..........#5#............'.......
.....###..#.# ##.....[...###.....
#..#.# #..#.# #.........# #.....
#..#.# #..#.# #.........# #.....
#..#.# #..#.####.####.#### #.....
#..#.# #.........# #.# #.....


You could see an orc warrior and an orc.

Vanquished Creatures
  A troll (D:6)
  Grinder (D:5)
  Edmund (D:6)
  Duvessa (D:5)
  2 phantoms
  An ogre (D:5)
  A centaur (D:5)
  The ghost of EnegeticOcto the Ducker, an amateur KoAr (D:3)
  Dowan (D:5)
  A scorpion (D:5)
  A crimson imp (D:6)
  3 orc priests
  2 hounds
  A quasit (D:5)
  A centaur skeleton (D:5)
  3 orc wizards
  2 giant frog skeletons
  3 worker ants
  2 hound zombies (D:5)
  A hound skeleton (D:6)
  9 adders
  14 gnolls
  A shadow imp (D:6)
  3 oozes
  3 worms
  5 dart slugs
  5 giant geckos
  22 orcs
  2 ball pythons (D:3)
  4 giant cockroaches
  5 goblins
  5 hobgoblins
  6 jackals
  6 kobolds
  2 quokkas (D:5)
  A ball python zombie (D:6)
  7 bats
  6 giant newts
  A jackal skeleton (D:4)
  3 rats (D:1)
140 creatures vanquished.

Notes
Turn   | Place    | Note
--------------------------------------------------------------
     0 | D:1      | Gianozzolo the Naga Transmuter began the quest for the Orb.
     0 | D:1      | Reached XP level 1. HP: 18/18 MP: 3/3
   191 | D:1      | Reached XP level 2. HP: 18/25 MP: 1/5
   444 | D:1      | Reached skill level 3 in Transmutations
   566 | D:1      | Reached XP level 3. HP: 31/31 MP: 6/6
   571 | D:1      | Learned a level 3 spell: Spider Form
   656 | D:2      | Reached skill level 1 in Poison Magic
   912 | D:2      | Reached XP level 4. HP: 38/38 MP: 5/7
  1052 | D:3      | Reached skill level 4 in Transmutations
  1054 | D:3      | Noticed EnegeticOcto's ghost (amateur KoAr)
  1319 | D:2      | Reached XP level 5. HP: 35/44 MP: 1/8
  1555 | D:3      | Found a sparkling altar of Nemelex Xobeh.
  1800 | D:3      | Killed EnegeticOcto's ghost
  1800 | D:3      | Reached skill level 5 in Transmutations
  1800 | D:3      | Reached XP level 6. HP: 35/51 MP: 6/9
  2262 | D:4      | Found Leosihib's Food Emporium.
  2263 | D:4      | Noticed a phantom
  2313 | D:4      | Killed a phantom
  2600 | D:4      | Reached skill level 6 in Transmutations
  2600 | D:4      | Reached XP level 7. HP: 32/57 MP: 10/10
  2872 | D:4      | Reached skill level 5 in Unarmed Combat
  3131 | D:5      | Entered Level 5 of the Dungeon
  3196 | D:5      | Found an opulent altar of Gozag.
  3211 | D:5      | Noticed Dowan
  3212 | D:5      | Noticed Duvessa
  3231 | D:5      | Killed Duvessa
  3235 | D:5      | Noticed magog001's ghost (novice HaHu)
  3238 | D:5      | Killed Dowan
  3456 | D:4      | Learned a level 5 spell: Blade Hands
  3541 | D:5      | Reached skill level 7 in Transmutations
  3846 | D:5      | Reached XP level 8. HP: 56/64 MP: 11/11
  4024 | D:6      | Noticed a troll
  4041 | D:6      | Noticed Edmund
  4053 | D:6      | Killed Edmund
  4053 | D:6      | Reached skill level 8 in Transmutations
  4625 | D:5      | Found an ancient bone altar of Kikubaaqudgha.
  4770 | D:5      | Noticed Grinder
  4770 | D:5      | Paralysed by Grinder for 7 turns
  4781 | D:5      | Killed Grinder
  4781 | D:5      | Reached skill level 9 in Transmutations
  5134 | D:5      | Reached XP level 9. HP: 66/70 MP: 12/12
  5239 | D:6      | Found a snail-covered altar of Cheibriados.
  5249 | D:6      | Became a worshipper of Cheibriados the Contemplative
  5274 | D:6      | Found a deep blue altar of Sif Muna.
  5297 | D:6      | Found a white marble altar of Elyvilon.
  5418 | D:6      | Killed a troll
  5711 | D:6      | Mangled by an orc warrior

Skill      XL: |  1  2  3  4  5  6  7  8  9 |
---------------+----------------------------+-----
Transmutations | 3 4 5 6 7 9 |  9.4
Poison Magic   | 1 2 |  2.0
Unarmed Combat | 4 5 6 7 |  7.5
Fighting       | 2 |  2.1
Dodging        | |  1.5
Spellcasting   | |  2.0

Action                   |  1- 3 |  4- 6 |  7- 9 || total
-------------------------+-------+-------+-------++-------
Melee: Unarmed           |    49 |   191 |   233 ||   473
       Headbutt          |     3 |     6 |     5 ||    14
       Punch             |       |     1 |     3 ||     4
 Cast: Beastly Appendage |    15 |     3 |     2 ||    20
       Spider Form       |     1 |    23 |    17 ||    41
       Blade Hands       |       |       |     4 ||     4
 Abil: Spit Poison       |    20 |     7 |     8 ||    35
  Use: Scroll            |       |       |    14 ||    14
       Potion            |       |       |     4 ||     4
 Stab: Sleeping          |       |     1 |       ||     1
  Eat: Chunk             |     1 |     8 |    12 ||    21
Armor: Robe              |    18 |    14 |       ||    32
       Skin              |       |     8 |    35 ||    43
       Leather armour    |       |     7 |    16 ||    23
Dodge: Dodged            |    38 |   137 |   144 ||   319
